 Dungeon Crawl Stone Soup version 0.31-a0-656-gb4d89c20fa (webtiles) character file.

Game seed: 6091540883928249123

1087 Artus the Ruffian (level 8, -2/54 HPs)
             Began as an Octopode Shapeshifter on Aug 30, 2023.
             Was an Initiate of Ashenzari.
             Slain by an ice beast (14 damage)
             ... on level 6 of the Dungeon.
             The game lasted 00:13:35 (4534 turns).

Artus the Ruffian (Octopode Shapeshifter)           Turns: 4534, Time: 00:13:35

Health: -2/54      AC:  1    Str: 15    XL:     8   Next: 30%
Magic:  8/8        EV: 14    Int: 12    God:    Ashenzari [......]
Gold:   341        SH:  0    Dex: 12    Spells: 7/7 levels left

rFire   . .          .
                       - Unarmed
rCold   . . .        (no shield)
rNeg    . . .        (helmet currently unavailable)
rPois   .            (no amulet)
rElec   .            v - ring of Curses and Power {Will+, Melee, Bglg} (curse)
rCorr   .            (no ring)
SInv    .            (no ring)
Will    +....        (no ring)
Stlth   ++           (no ring)
HPRegen 0.29/turn    (no ring)
MPRegen 0.11/turn    (no ring)
                     (no ring)

%: no passive effects
@: beast-form
A: beast (slay +3), almost no armour, amphibious, 8 rings, camouflage 1,
gelatinous body 1, (nimble swimmer 1), tentacles
a: Begin Untransformation, Renounce Religion, Shatter the Chains


You were on level 6 of the Dungeon.
You worshipped Ashenzari.
Ashenzari was noncommittal.
You were a hulking beast.
You visited 2 branches of the dungeon, and saw 7 of its levels.

You collected 341 gold pieces.

Inventory:

Jewellery
 n - an amulet of magic regeneration
 v - the cursed ring of Curses and Power (left tentacle) {Will+, Melee, Bglg}
   (You found it on level 5 of the Dungeon)

   [ring of willpower]

   Will+:     It increases your willpower.
   It has a curse which improves the following skills: Melee Combat: Short
   Blades, Long Blades, Axes, Maces & Flails, Polearms, Staves and Unarmed
   Combat.
   Beguiling: Conjurations, Hexes and Translocations.
Talismans
 b - a beast talisman (active)
 c - a flux talisman
Wands
 x - a wand of flame (13)
Scrolls
 d - 2 scrolls of fear {unknown}
 f - 3 scrolls of immolation {unknown}
 i - a scroll of amnesia {unknown}
 k - a scroll of torment {unknown}
 m - 2 scrolls of enchant armour
 o - a scroll of teleportation {unknown}
 q - a scroll of noise {unknown}
 r - a scroll of brand weapon {unknown}
 u - a scroll of revelation {unknown}
 w - a scroll of identify
Potions
 a - 5 potions of lignification
 e - 2 potions of curing
 g - a potion of haste {unknown}
 h - a potion of mutation {unknown}
 j - a potion of heal wounds
 l - 4 potions of enlightenment
 p - a potion of invisibility {unknown}
 s - a potion of brilliance
 t - 2 potions of might {unknown}


   Skills:
 + Level 4.9 Fighting
 + Level 4.5 Dodging
 + Level 5.7(6.1) Unarmed Combat
 + Level 5.3 Shapeshifting


You had 7 spell levels left.
You didn't know any spells.
Your spell library contained the following spells:

 Spells                   Type           Power      Damage    Failure   Level
 Blink                    Tloc           0%         N/A       45%         2
 Cigotuvi's Dreadful Rot  Necr/Pois/Air  0%         N/A       45%         2
 Ensorcelled Hibernation  Hex/Ice        0%         N/A       45%         2
 Passwall                 Tmut/Erth      0%         N/A       45%         2
 Ignite Poison            Fire/Tmut/Pois 0%         N/A       69%         3
 Swiftness                Air            0%         N/A       69%         3
 Tukima's Dance           Hex            0%         N/A       69%         3
 Manifold Assault         Tloc           0%         N/A       97%         4
 Passage of Golubria      Tloc           0%         N/A       97%         4
 Freezing Cloud           Conj/Ice/Air   0%         6-21      100%        5
 Yara's Violent Unravell  Hex/Tmut       0%         3d3       100%        5


Dungeon Overview and Level Annotations

Branches:
Dungeon (6/15)             Temple (1/1) D:5

Altars:
Ashenzari
Cheibriados
Fedhas
Gozag
Hepliaklqana
Nemelex Xobeh
Okawaru
Trog
Uskayaw
Vehumet
Wu Jian
Xom
Yredelemnul
Zin

Shops:
D:4 :


Innate Abilities, Weirdness & Mutations

You are a hulking beast.
Your limbs bulge with bestial killing power. (Slay +3)
You cannot wear most types of armour.
You are amphibious.
You can wear up to eight rings at the same time.
Your skin changes colour to match your surroundings (Stealth+).
Your rubbery body absorbs attacks. (AC +1, EV +1)
((You are camouflaged when in or above water. (Stealth+)))
You have tentacles for arms and can constrict up to eight enemies at once.


Message History

There is an open door here.
A bullfrog comes into view.
There is an open door here.
Found 7 stones.
Found a book of Conjurations.
The bullfrog gives a loud, deep croak!
You bludgeon the bullfrog! You grab the bullfrog.
Your squeeze misses the bullfrog.
The bullfrog is heavily wounded.
You constrict the bullfrog. The bullfrog hits you. The bullfrog misses you.
You bludgeon the bullfrog!
The bullfrog is almost dead.
You constrict the bullfrog.
You kill the bullfrog!
You see here a bullfrog corpse.
A centaur comes into view. It is wielding a +0 war axe.
Found a metallic cyan potion.
Found a stone staircase leading up.
Okay, then.
The ice beast hits you. The ice beast freezes you.
You closely miss the ice beast. Your squeeze misses the ice beast.
The ice beast misses you.
You barely miss the ice beast. Your squeeze misses the ice beast.
The ice beast misses you.
You tentacle-slap the ice beast but do no damage.
The ice beast misses you.
You barely miss the ice beast. You bludgeon the ice beast!
You squeeze the ice beast!
The ice beast is heavily wounded.
The ice beast hits you. The ice beast freezes you!
You tentacle-slap the ice beast but do no damage.
Your squeeze misses the ice beast.
The ice beast is heavily wounded.
The ice beast hits you. The ice beast freezes you!
* * * LOW HITPOINT WARNING * * *
You bludgeon the ice beast! Your squeeze misses the ice beast.
The ice beast is almost dead.
The ice beast hits you.
* * * LOW HITPOINT WARNING * * *
The ice beast freezes you!
You die...

#.#########...###
#.#.# ####. #.#.# ..
#.#'######## ...
#..........# ...
#..........# ..
#..........#
##Y........#
#####h.....†..# .
#.............#####...
#.###########..(..<...
#....:...# #.........
...........
...c.........
......!........
...............


You could see an ice beast.

Vanquished Creatures
  A steam dragon (D:6)
  2 ogres (D:5)
  A phantom (D:5)
  A bullfrog (D:6)
  2 scorpions
  A howler monkey (D:5)
  2 jellies
  3 hounds (D:5)
  A gnoll bouda (D:3)
  2 iguanas (D:4)
  2 orc wizards
  13 adders
  An ufetubus (D:5)
  5 worms
  12 orcs
  5 ball pythons
  8 endoplasms
  2 giant cockroaches
  6 goblins
  8 hobgoblins
  4 bats
  A frilled lizard (D:1)
  8 kobolds
  2 rats (D:1)
93 creatures vanquished.

Vanquished Creatures (others)
  A hobgoblin (D:4)
1 creature vanquished.

Grand Total: 94 creatures vanquished

Notes
Turn   | Place    | Note
-------+----------+-------------------------------------------
     0 | D:1      | Artus the Octopode Shapeshifter began the quest for the
                  | Orb.
     0 | D:1      | Reached XP level 1. HP: 13/13 MP: 1/1
   295 | D:1      | Reached XP level 2. HP: 18/18 MP: 2/2
   788 | D:2      | Reached XP level 3. HP: 4/24 MP: 3/3
  1257 | D:2      | Found a faded altar of an unknown god.
  1510 | D:3      | Reached XP level 4. HP: 28/29 MP: 4/4
  2246 | D:4      | Noticed a scorpion
  2255 | D:3      | Reached XP level 5. HP: 35/35 MP: 5/5
  2458 | D:4      | Found a broken altar of Ashenzari.
  2469 | D:4      | Became a worshipper of Ashenzari the Shackled
  2516 | D:4      | Reached XP level 6. HP: 33/42 MP: 6/6
  2864 | D:4      | Found Lagiut's Book Boutique.
  3101 | D:4      | Found a shimmering altar of Xom.
  3449 | D:5      | Entered Level 5 of the Dungeon
  3477 | D:5      | Reached XP level 7. HP: 38/47 MP: 7/7
  3637 | D:5      | Reached skill level 5 in Unarmed Combat
  3820 | D:5      | Reached skill level 5 in Shapeshifting
  3860 | D:5      | Found a staircase to the Ecumenical Temple.
  3869 | Temple   | Entered the Ecumenical Temple
  3906 | D:5      | Reached XP level 8. HP: 53/54 MP: 8/8
  4534 | D:6      | Slain by an ice beast

Illustrated notes

Levels and vault maps discovered:
D:1:      minmay_arrival_wavy_path, layout_loops_ring, nrook_mini_vaults,
          minmay_tetromino_s2
D:2:      layout_basic, shapermc_ecumenical_altar_totnotflames
D:3:      minmay_angry_zag, layout_loops_ring, minmay_gold_behind_fungi
D:4:      layout_rooms, evilmike_ruin_ashenzari, xom_confusion_cloud,
          serial_forest, infiniplex_forest_lined_room_2,
          infiniplex_forest_lined_2, infiniplex_forest_straight_4,
          infiniplex_forest_corner_1, infiniplex_forest_straight_4,
          infiniplex_forest_clump_tiny, infiniplex_forest_lined_room_3,
          serial_shops, shop, nicolae_half_adder
D:5:      layout_basic, minmay_temple_entry_tees
D:6:      layout_basic, mainiacjoe_overflow_concentric_impassable,
          gammafunk_temple_overflow_claw
Temple:   chequers_temple_sunken

Skill      XL: |  1  2  3  4  5  6  7 |
---------------+----------------------+-----
Fighting       | 2 3 4 |  4.9
Unarmed Combat | 4 5 |  5.7
Shapeshifting  | 4 5 |  5.3
Dodging        | 3 4 |  4.5

Action                     |  1- 3 |  4- 6 |  7- 9 || total
---------------------------+-------+-------+-------++-------
  Melee: Unarmed           |    53 |   124 |    61 ||   238
         Constrict         |    15 |    30 |     9 ||    54
         Tentacles         |    12 |    22 |    12 ||    46
         Punch             |       |     3 |     1 ||     4
 Invoke: Curse Item        |       |       |     1 ||     1
Ability: Begin Untransform |     1 |       |       ||     1
    Use: Potion            |       |     1 |       ||     1
         Scroll            |       |     5 |       ||     5
   Stab: Sleeping          |     9 |     7 |     3 ||    19
 Armour: Skin              |     3 |     9 |     1 ||    13
  Dodge: Dodged            |    16 |    68 |    34 ||   118
   Form: Beast             |     1 |       |       ||     1

Table legend: (Time is in decaauts)
 A = Elapsed time spent in this place.
 B = Non-inter-level travel time spent in this place.
 C = Inter-level travel time spent in this place.
 D = Time resting spent in this place.
 E = Time spent auto-exploring this place.
 F = Levels seen in this place.
 G = Mean time per level.
                   A        B        C        D        E       F      G
               +--------+--------+--------+--------+--------+-----+--------+
         Total |   4513 |   4392 |    121 |    707 |   2772 |   7 |  644.7 |
       Dungeon |   4511 |   4390 |    121 |    707 |   2772 |   6 |  751.8 |
        Temple |      1 |      1 |      0 |      0 |      0 |   1 |    1.0 |
               +--------+--------+--------+--------+--------+-----+--------+

Top non-repeatable levels by time:
     D:4: 1028 daAuts
     D:3: 1006 daAuts
     D:5: 811 daAuts
     D:1: 765 daAuts
     D:2: 633 daAuts
     D:6: 265 daAuts
  Temple: 1 daAuts
